[Event "44th Chess Olympiad Open 2022"]
[Site "Chennai"]
[Date "2022.08.01"]
[Round "4.33"]
[White "Megaranto, Susanto"]
[Black "Berend, Fred"]
[Result "1-0"]
[WhiteElo "2529"]
[BlackElo "2307"]
[Annotator "TA"]
[PlyCount "151"]
[EventDate "2022.??.??"]
[TimeControl "60"]

1. d4 Nf6 2. Nf3 d5 3. Bf4 c5 4. c3 Qb6 5. Qb3 Nc6 6. dxc5 {[%emt 0:
00:00] D02:1 d4 d5 2 Nf3 sidelines, including 2...Nf6 3 g3 and 2...Nf6 3 Bf4.}
Qxc5 7. e3 g6 8. Nbd2 {
[%emt 0:05:59] The position is equal.} Bg7 9. Qb5 {[%emt 0:00:
00] [#]} Qxb5 $146 ({Predecessor:} 9... Nd7 10. Nb3 Qxb5 11.
Bxb5 e5 12. Bg3 a6 13. Be2 b5 14. O-O Nb6 15. Nc5 f6 {0-1 (77) Lang,A (2053)
-Schulz,V (2164) Baden 2016}) 10. Bxb5 O-O 11. O-O a6 12. Bxc6 bxc6 13. Be5 a5 14. Rfc1 Bf5 15. c4 Rfc8 16.
Nd4 Bd7 17. cxd5 cxd5 18. N2b3 a4 19. Nc5 {[%emt 0:
00:00] Pair of Knights!} Be8 20. Nd3 Ne4 21. Bxg7 Kxg7 22. Rxc8 Rxc8 23. Rc1 Rxc1+ 24. Nxc1 $11 {[%emt 0:00:05] Endgame KBN-KNN} e5 25.
Nc2 Kf6 26. f3 Nd6 27. Nd3 Bb5 28. Nc5 Nc4 29. b3 axb3 30. axb3 Nb6 31. f4 Nd7 32. Nxd7+ Bxd7 {[%emt 0:00:01] KB-KN} 33. Kf2 Kf5 34. fxe5 Kxe5 35. Nd4 h6 36. b4 f5 37. Ke2 f4 38. Kd3 {[%emt 0:
00:00] Black should prevent Nf3+.} fxe3 39. Kxe3 g5 (39... Kd6 $11) 40. Nf3+ $1 $16 Kd6 41. Kd4 $1 {[%emt 0:30:45] And now Ne5 would win.} Be8 42. Ne5 {[%emt 0:01:38] Strongly threatening Ng4.} Ke6 43. Ng4 $1 h5 44. Ne3 Bc6 45. Nd1 (45. g3 $1 $16)
45... Ba8 (45... h4 $14) 46. Nc3 Bb7 47. b5 {[%emt 0:00:00][%cal Yb4b5,Yb5b6,Yb6b7] Threatens to
win with Na4.} Kd6 48. Na4 {[%emt 0:00:00] Hoping for Nc5.}
Bc8 49. Nc5 $1 {[%emt 0:00:00] b6 would kill now.} h4 $2 {
[%emt 0:00:00] This costs Black the game.} (49... Kc7 $16) 50. b6 $1 Bg4 {[%emt 0:00:00] [#]} 51. b7 $1 Kc7 52. Kxd5 Be2 {[%emt 0:00:00] [#]} 53. Ke4 $1 g4 54. Kf4 h3 55. g3 Kb8 56. Kg5 Ka7 57. Kh4 Kb8 58. Nd7+ Kxb7 59. Ne5 Kc7 60. Nxg4 Kd6 61. Kxh3 Ke6 62. Ne3 {[%emt 0:02:03] Threatening mate with Kh4.} Kf6 63. g4 {[%emt 0:00:15] White mates.} Kg6 64. Kg3 Bd3 65. Kf4 Kh6 66. h4 Kg6 67. h5+ Kh6 68. Nf5+ Kh7 69. g5 Kg8 70. g6 Bb5 71. Kg5 Kh8 72.
h6 Bc4 73. Ng3 Bd3 74. Nh5 Bc2 75. g7+ Kh7 76. Nf6# {[%emt 0:00:09] Weighted Error Value: White=0.06
(flawless) / Black=0.25 (precise)} 1-0

[Event "44th Chess Olympiad Open 2022"]
[Site "Chennai"]
[Date "2022.08.01"]
[Round "4.33"]
[White "Ervan, Mohamad"]
[Black "Steil-Antoni, Fiona"]
[Result "1-0"]
[WhiteElo "2402"]
[BlackElo "2218"]
[Annotator "TA"]
[PlyCount "63"]
[EventDate "2022.??.??"]
[TimeControl "60"]

1. e4 e5 2. Nf3 Nc6 3. Bb5 a6 4. Ba4 Nf6 5. O-O b5 6. Bb3 Bc5 7. c3 d6 8. d4 Bb6 9. a4 Rb8 10. a5 {[%emt 0:00:00] C78: Ruy
Lopez: Archangelsk and Möller Defences.} Ba7 (10... Bxa5 $2
11. dxe5 dxe5 12. Qxd8+ Kxd8 13. Bd5 (13. Bxf7 Bb6 $16) 13... Nxd5 14. exd5 $18
) 11. h3 O-O 12. Be3 {[%emt 0:03:24] The
position is equal.} Ra8 13. Nbd2 h6 14. Re1 Re8 15. Bc2 $1 {[%emt 0:08:05] is recently more successful than 15.Qc2.} exd4 16. cxd4 {[%emt 0:01:10] [#]} Bd7 $146 (16...
Nb4 $11) ({Predecessor:} 16... Bb7 17. Bb1 Ne7 18. Nh4 c5 19. d5 Bc8 20. Nf1
Ng6 21. Nxg6 fxg6 22. Ng3 g5 {½-½ (42) Esipenko,A (2682)-Le,Q (2722) Biel
2022}) 17. Bb1 (17. Bb3 {keeps more tension.} Nb4 18. Bxf7+
Kxf7 19. Qb3+) 17... Ne7 18. Nf1 Ng6 19. Ng3 c5 $1 20. Qd2 {
[%emt 0:00:57][%cal Ye3h6] Hoping for Bxh6!} cxd4 21. Bxd4 Bc6 (21... Ne5 $11 {keeps the balance.}) 22.
Qc3 Bxd4 23. Nxd4 Bb7 {
[%emt 0:01:41] [#]} (23... Bd7 $142) 24. Ndf5 $1 $16 {[%emt 0:02:51] White is
more active.} d5 25. Nxg7 d4 $2 {[%emt 0:04:
17] [#]} (25... Kxg7 {is more resistant.} 26. Nh5+ Kh8) 26. Qd2 $1 $18 {
[%emt 0:00:25] White is clearly winning.} Kxg7 (26... Qc7 27.
Nxe8) 27. Nf5+ {[%emt 0:00:10] Deflection, Double Attack} Kg8 28. Qxh6 Nh5 {[%emt 0:00:
20] Inhibits Qg7+.} 29. Qxh5 Qf6 30. Ra3 Re5 31. Rg3 {[%emt 0:01:08] Ba2 is the strong
threat.} Rae8 32. Ba2 {[%emt 0:04:43] Weighted Error Value:
White=0.06 (flawless) /Black=0.40} 1-0

[Event "44th Chess Olympiad Open 2022"]
[Site "Chennai"]
[Date "2022.08.01"]
[Round "4.33"]
[White "Berend, Elvira"]
[Black "Priasmoro, Novendra"]
[Result "1/2-1/2"]
[WhiteElo "2333"]
[BlackElo "2494"]
[Annotator "TA"]
[PlyCount "140"]
[EventDate "2022.??.??"]
[TimeControl "60"]

1. e4 c5 2. Nf3 Nc6 3. Bb5 g6 4. O-O Bg7 5. c3 Nf6 6. Re1 O-O 7. d4 d5 8. e5 Ne4 9. Bxc6 bxc6 10.
Be3 $1 {[%emt 0:00:22] now scores much better than the old 10.Nbd2. B31:
Sicilian: 2...Nc6 3 Bb5 g6.} Rb8 11. Qc1 c4 12. Nbd2 {[%emt 0:00:58] [#]} Bf5 $146 ({
Predecessor:} 12... Nxd2 13. Nxd2 Bf5 14. b3 Bd3 15. Qa3 Rb7 16. Qa4 Qc7 17.
bxc4 Rfb8 18. Rec1 e6 19. cxd5 cxd5 {1-0 (40) Csiki,E (2357)-Seres,L (2387)
Budapest 2022}) 13. b3 Qa5 14. Nxe4 Bxe4 15. Nd2 Bd3 16.
Bg5 Rb7 17. h4 f5 (17... h6 $11 18. Be3 Rfb8) 18. exf6 exf6 19. Bf4 Kf7 20. bxc4 dxc4 {[%emt 0:00:36] [#]} 21. Ne4 $1 Bxe4 22.
Rxe4 Qd5 23. Re1 Re8 24. Rxe8 Kxe8 25. Bh6 (25. Rb1 $14 Rxb1 26. Qxb1) 25... Kf7 26. Bxg7 Kxg7 $11 {[%emt 0:00:06] Endgame KQR-KQR} 27. Qe3 Qa5 28. Qf3 Re7 29. Rf1 Qb5 30. Qg3 Kf7 31. Qd6 Qd5 32. Qb4 h5 33. Qb8 Kg7 34. Rb1 Qe4 35. g3 Kf7 36. Rf1 g5 37. Qh8 gxh4
{[%emt 0:03:00] White must now prevent ...Qf5.} 38. Qxh5+ Kg8 39. Qxh4 Qxh4 (39... Qf3 $5 40. Rb1 Kg7 $11) 40. gxh4 {[%emt 0:00:04] KR-KR} Re2 41. Rb1 $1 Rxa2 (41... Rc2 $1 $14)
42. Rb4 $16 Kg7 43. Rxc4 Ra6
$2 (43... a5 44. Kg2 (44. Rxc6 a4 $18) 44... a4 45. Rxc6 Rc2)
44. Rc5 (44. Kg2 $142) 44... Kf7 $2 (44...
Ra1+ 45. Kg2 a5 46. Rxc6 a4) 45. Kg2 $18 Ke6 46. h5 Rb6 47. Ra5 Rb7 48. Kf3 Rb3 49. Rc5 Kd6 (49... Rb6 $142 50. Ke4 Kf7) 50. Kf4 Rb2 51. f3 Rh2 52. Ra5 Rh1 53. c4 Rc1 54. h6 {[%emt 0:03:45] Strongly threatening Rh5.} Rh1 {
[%emt 0:00:08] Against Rh5} 55. Rxa7 Rxh6 56.
c5+ Ke6 57. Rc7 Rh4+ 58. Ke3 Kd5 59. Rd7+ $2 (59. Rf7) 59... Kc4 60. Rd6 f5 {[%emt 0:00:15] [#]} 61. Rxc6 $2 (61. Rd7 $1 $18 {Hoping
for Rd6.} Rh1 62. Rd6) 61... Rxd4 $11 {[%emt 0:00:00] The position is equal.}
62. Rf6 Rd3+ $1 63. Ke2 Rd5
$1 64. c6 Kd4 $1 65. c7 Rc5 66. Rf7 Ke5 67. Kd3 Rc6 68. Ke3 Rc3+ 69. Kd2 Rc5 70. Kd3 Rc6 {[%emt 0:00:05] Black escapes into a draw. Weighted Error
Value: White=0.23 (precise) /Black=0.25 (precise)} 1/2-1/2

[Event "44th Chess Olympiad Open 2022"]
[Site "Chennai"]
[Date "2022.08.01"]
[Round "4.33"]
[White "Schartz, Alain"]
[Black "Kurniawan, Muhamad Agus"]
[Result "0-1"]
[WhiteElo "2086"]
[BlackElo "2328"]
[Annotator "TA"]
[PlyCount "62"]
[EventDate "2022.??.??"]
[TimeControl "60"]

1. e4 c5 2.
Nf3 d6 3. Bb5+ Nc6 4. d4 cxd4 5. Nxd4 Bd7 6. c4 g6 {[%emt 0:06:20] B54: Sicilian:
2...d6 3 d4 cxd4 4 Nxd4, Unusual Lines .} 7. Nc3 Bg7 8. Be3 Nf6 {[%emt 0:00:10] The position is equal.} 9.
f3 {[%emt 0:02:56] Prevents Ng4.} O-O 10. O-O Rc8 11. b3 {[%emt 0:09:07] [#]} (11. Nde2 {was preferrable.})
11... Qa5 $146 ({Predecessor:} 11... Nxd4 12. Bxd4 Bxb5 13.
Nxb5 a6 14. Na3 Qa5 15. Qc1 b5 16. Qb2 Ne8 17. Bxg7 Nxg7 {½-½ (87) Hollan,M 
(2055)-Plasek,Z (2051) Prague 2014}) 12. Rc1 (12. Nde2 {
is more complex.} Ng4 13. fxg4 Bxc3 14. Nxc3 Qxc3 15. Bh6) 12... Nxd4 13. Bxd4 Be6 14. Qd3 a6 15. Ba4 Nh5 $1 {[%emt 0:21:36] [#]
Strongly threatening ...Nf4.} 16. Bxg7 Kxg7 17. Qd4+ (17. f4 $11) 17... f6 ({Black
should try} 17... Nf6 $15) 18. f4 Bf7 19. f5 {[%emt 0:06:47] Hoping for g4.} Qe5 20. Qd2 {[%emt 0:03:02] And now g4 would win.} g5 21. g3 {[%emt 0:04:07] Against Nf4} Rfd8 22. Nd5 e6 (22... b5 $1 $11 {remains equal.} 23. cxb5
Qxe4) 23. fxe6 Bxe6 24. Rce1 Rc5 25. Qe2 Bxd5 26. cxd5 {
[%emt 0:00:51] [#]} (26. exd5 $16 {is forced if you want to stay better.} Qxe2
27. Rxe2) 26... Kg6 $2 (26... Nxg3 $1 $19 27. hxg3 Qxg3+ 28.
Qg2 Qxg2+ 29. Kxg2 Rc2+ 30. Rf2 Rxf2+ 31. Kxf2 b5 32. Bxb5 axb5) 27. b4 $11 Rc3 {[%emt 0:00:01][%cal Yh5g3] aiming for ...Nxg3!} 28. Rf3 ({Wrong is} 28. Bd1 $2 Nxg3 29. hxg3 Rxg3+ 30. Kh1 Rh3+ 31. Kg1
Qg3+ 32. Qg2 Qh4 $19) (28. Qd2 $5 ) 28... Rdc8 29. Ref1 Rxf3 30. Rxf3 Rc1+ 31. Bd1 $2 (31. Rf1 $11 Rc3 32. Rf2) 31...
Qd4+ {[%emt 0:00:10] Weighted Error Value: White=0.59/Black=0.33} 0-1

[Event "44th Chess Olympiad Open 2022"]
[Site "Chennai"]
[Date "2022.08.01"]
[Round "4.34"]
[White "Bachmann, Axel"]
[Black "Tran, Thanh Tu"]
[Result "1-0"]
[WhiteElo "2588"]
[BlackElo "2375"]
[Annotator "TA"]
[PlyCount "87"]
[EventDate "2022.??.??"]
[TimeControl "60"]

1. Nf3 Nc6 2. d4 d6 3. e4 Nf6 4. Nc3 g6 5. h3 Bg7 6. d5 Nb8 7. Bc4 O-O 8. O-O c6 9. a4 a5 {[%emt 0:00:37]
was the old line (9...b6). B08: Pirc Defence: Classical System.} 10. Re1 Nfd7 {[%emt 0:04:58] [#]} 11. Bg5 $146 ({
Predecessor:} 11. Be3 Nb6 12. Bb3 c5 13. Qd2 e5 14. dxe6 Bxe6 15. Bg5 Qd7 16.
Nd5 Bxd5 17. Bxd5 {½-½ (39) Prasca Sosa,R (2415)-De Angelis,S (2547) La
Massana 2012}) 11... h6 {[%emt 0:03:13] White is slightly better.} 12. Bf4 {
[%emt 0:00:08][%cal Yg5f4,Yf4g3,Yg3e5] 0x0.0013b9c5b69fdp-1022s more active
pieces.} Qb6 13. Qc1 Qb4 14.
Bf1 Kh7 15. Ra3 (15. Be3 $16
) 15... Nc5 {[%emt 0:04:07] [#]} (15... Qb6 $1 $14) 16. e5 $1 $36 {[%emt 0:01:
17] White has strong initiative.} g5 (16... dxe5 $16 17. Nxe5
(17. Bxe5 e6 $16) 17... e6) 17. Bg3 (17. exd6 gxf4
18. dxe7 Re8 $11) 17... dxe5 18. Bxe5 Bf5 19. dxc6 bxc6 20. Na2 (20. Nxg5+ hxg5 21. Na2 (21. Qxg5 Bg6 $17) 21... Qh4 $16) 20...
Qb6 21. Bxg7 ({Resist} 21. Nxg5+ $6 hxg5 22.
Bxg7 (22. Qxg5 Bg6 $16) 22... Kxg7 $18) 21... Kxg7 22. h4 Ne4 23. Rae3 g4 24. Bd3 Nd6 (
24... g3) 25. Ne5 $18 e6 26. Rg3 Qd4 27. b3 Rh8 28. c3 Qc5 29. Nxg4 Bxg4 30. Rxg4+ Kf8 31. Qf4 Ke7 32. b4 axb4 33. cxb4 Qd5 {[%emt 0:00:15] [#]} 34. Nc3 $1 Qxd3 35. Rd1 {[%emt 0:00:06] Really sharp!} Qxd1+ 36. Nxd1 Rxa4 37. Nc3 Ra1+ 38. Kh2 Nd7 39. Rg3 {[%emt 0:
02:20] Rd3 is the strong threat.} Nf6 $2 (39... Rd8 40. Rd3
Nf6) 40. Rf3 Nfe8 41. Ne4 f5 42. Nxd6 Nxd6 43. Qe5 {
[%emt 0:00:00][%csl Ya1,Yh8] aiming for Re3.} Raa8 44. Re3 {
[%emt 0:00:00] Weighted Error Value: White=0.14 (very precise) /Black=0.61} 1-0

[Event "44th Chess Olympiad Open 2022"]
[Site "Chennai"]
[Date "2022.08.01"]
[Round "4.34"]
[White "Cubas, Jose Fernando"]
[Black "Averbukh, Alex"]
[Result "1-0"]
[WhiteElo "2451"]
[BlackElo "2155"]
[Annotator "TA"]
[PlyCount "53"]
[EventDate "2022.??.??"]
[TimeControl "60"]

1. e4 e5 2. Nf3 Nf6 3. Nxe5 d6 4. Nf3 Nxe4 5. d4 d5 6. Bd3 Bf5 7. O-O Be7 8. Re1 Nc6 9. Nc3 {[%emt 0:08:09] Recently 9.Nbd2
got a lot of attention.} Nxc3 {[%emt 0:03:16] C42: Petroff Defence: 3 Nxe5 and
unusual White 3rd moves.} 10. bxc3 Bxd3 11.
Qxd3 O-O {[%emt 0:00:12] The position is equal.} 12. Rb1 Rb8 13. Bf4 Bf6 {[%emt 0:00:
00] [#]} 14. Re3 $146 ({Predecessor:} 14. Ne5 Re8 15. Ng4 Bh4
16. Rxe8+ Qxe8 17. Bxc7 Rc8 18. Bg3 Bg5 19. f4 Bf6 20. Rxb7 {1-0 (30) Ganiev,R
(1880)-Gabidullin,V (1444) Chishmy 2016}) 14... Ne7 15. Rbe1 Ng6 16. Bg3 a6 17. c4 Rc8 18. c5 Qd7 19. h3 b6 ({Black should play
} 19... Rfd8 $14) 20. Qxa6 $16 bxc5 21. dxc5 d4 22. R3e2 {[%emt 0:01:20]
White is more active.} Qd5 {[%emt 0:00:42] [#]} 23. c6 $1 Qf5 (23... Qc5 $16 24. a4 h6) 24. a4 $18 Ne7 $2 (24... Qc5 {was worth a try.} 25. Qb5 Qc3) 25. Nxd4 Bxd4 26. Rxe7 Qxc2 $2 {[%emt 0:00:27]
[#]} (26... Bc5 27. R7e2 Qg5) 27. Qxc8 $3 {[%emt 0:00:00] Weighted Error Value:
White=0.30/Black=0.37} 1-0

[Event "44th Chess Olympiad Open 2022"]
[Site "Chennai"]
[Date "2022.08.01"]
[Round "4.34"]
[White "Kojima, Shinya"]
[Black "Delgado Ramirez, Neuris"]
[Result "1/2-1/2"]
[WhiteElo "2346"]
[BlackElo "2614"]
[Annotator "TA"]
[PlyCount "75"]
[EventDate "2022.??.??"]
[TimeControl "60"]

1. e4 c5 2. Nf3 Nc6 3. Bb5 e6 4. O-O Nge7 5. Re1 Nd4 6. Bf1 {[%emt 0:10:20] B30:
Sicilian: 2...Nc6 3 Bb5, lines without ...g6.} Nec6 7. d3 Nxf3+ 8. Qxf3 Be7 9. Nd2 O-O 10. c3 b5
{[%emt 0:03:15] [#]} 11. Qg3 $146 ({Predecessor:} 11. Nb3 Bb7
12. Be3 a6 13. e5 Na5 14. Qg3 {½-½ (14) Sax,G (2568)-Eljanov,P (2639) Saint
Vincent 2005}) 11... b4 12. Nf3 Kh8 13. Bf4 (13. d4 $16 {And now d5 would win.} bxc3 14.
bxc3 cxd4 15. cxd4) 13... d5 (13... Ba6 $11) 14. exd5 $16 {
[%emt 0:08:48] White is more active.} Qxd5 {[%emt 0:01:12] [#]} 15. Ne5 (15. d4 $1 $16) 15... Bb7 16. Be2 (16. d4 $16) 16... Rac8 ({Don't do} 16... g5 17. Bxg5
Bxg5 18. Bf3 $16) 17. Bf3 Qd8 18. Nc4 (18. Be4 $5 ) 18... bxc3 19.
bxc3 Qxd3 20. Nd6 (20. Ne5
$1 $14 Qf5 21. Rad1) 20... Bxd6 $11 {[%emt 0:01:52] The position is equal.} 21.
Bxd6 Rfd8 (21... Rfe8 {with more
complications.} 22. Rab1 Ba6 23. Red1 Qxc3 24. Rbc1 Qf6) 22. Bxc5 Qxc3 (22... Ba8 {keeps more tension.} 23. Qf4 Qxc3 24.
Rac1 Qf6) 23. Bxc6 {[%emt 0:07:06] This bishop pair is nice.} (23. Rec1 {
is interesting.} Qd2 24. Be3 Qd7 25. Rd1) 23... Qxg3 24. hxg3 Rxc6 25. Bxa7 Ra8 26. Be3 Rca6 27. Rec1 Bd5 (27... Rxa2 $2 28. Rxa2 Rxa2 29. Rb1 $18) 28. a3 h5 29. Rc7 Kg8 30. Bc5 Ra4 31. Rc1 h4 32. gxh4 Rxh4 33. f3 Rc4 34. Rxc4 Bxc4 35. Ba7 Bb5 36. Rb7 Bc6 37. Rb8+ Rxb8 38. Bxb8 {
[%emt 0:00:09] Weighted Error Value: White=0.15 (very precise) /Black=0.09 
(flawless)} 1/2-1/2

[Event "44th Chess Olympiad Open 2022"]
[Site "Chennai"]
[Date "2022.08.01"]
[Round "4.34"]
[White "Bibby, Simon"]
[Black "Jodorcovsky Werjivker, Paulo"]
[Result "1/2-1/2"]
[WhiteElo "2147"]
[BlackElo "2213"]
[Annotator "NA RC"]
[PlyCount "110"]
[EventDate "2022.??.??"]
[TimeControl "60"]

1. e4 c5 2. Nc3 Nc6 3. Nf3 e6 4. d4 cxd4 5. Nxd4 Nf6 6.
Nxc6 bxc6 7. e5 Nd5 8. Ne4 Bb7 9. Be2 c5 10. O-O Qc7 11.
Nd6+ Bxd6 12. exd6 Qc6 13. f3 Qb6 14. c4 Nb4 15. Be3 a5 16.
Qd2 O-O 17. h4 Rae8 18. h5 f6 19. f4 Be4 20. Bf3 f5 21. Bxe4 fxe4 22. h6 Nd3 23. hxg7 Rf7 24. b3 Qxd6 25. Qxa5 Kxg7 26. Rad1 Ref8 27. Qc3+ Kg8 28. a3 Rb8 29. Rd2 Qf8 30. Rxd3 exd3 31. Qxd3 Rd8 32. Qc3 d5 33. cxd5 Rxd5 34. b4 cxb4 35. axb4 Qd8 36. Rf3 Rg7 37. Qc6 Rd1+ 38. Kh2 Rg6 39. Rh3 Rd6 40. Qe4 Rd5 41. Qc4 Qa8 42. Qc2 Qb7 43. Bc5 Qb8 44. Rf3 Rdg5 45. Rf2 Rh5+ 46. Kg1 Rgh6 47. Kf1 Rh1+ 48. Ke2 Qb5+ 49. Kd2 Rf1 50. Rxf1 Qxf1 51. Qe4 Qa6 52. f5 Qa2+ 53. Kc3 Qa1+ 54. Kc2 Qa2+ 55. Kc3 Qa1+ 1/2-1/2

[Event "44th Chess Olympiad Open 2022"]
[Site "Chennai"]
[Date "2022.08.01"]
[Round "4.35"]
[White "Macovei, Andrei"]
[Black "Juarez Flores, Carlos A."]
[Result "1-0"]
[WhiteElo "2478"]
[BlackElo "2335"]
[Annotator "TA"]
[PlyCount "49"]
[EventDate "2022.??.??"]
[TimeControl "60"]

1. e4 c6 2. d4 d5 3. f3 e6 4. Nc3 Bb4 5. a3 Bxc3+ 6. bxc3 {[%emt 0:00:01] B12: Caro-Kann:
Advance Variation.} dxe4 7. Nh3 e5 {[%emt 0:00:53] aiming for ...Bxh3.} (7... Qa5 $5 ) 8. Ng5 {
[%emt 0:00:12] [#] The position is equal.} (8. fxe4 Bxh3 9. gxh3 Qh4+ 10. Kd2
Nf6 $17) 8... e3 $146 (8... exf3 $1 $11 9. Qxf3 Nf6) ({
Predecessor:} 8... exf3 9. Qxf3 Qf6 10. Bc4 Qxf3 11. gxf3 Nh6 12. dxe5 Nd7 13.
Bf4 Nb6 14. Bb3 Nd5 {1-0 (87) Oganian,M (2437)-Garv,G (2083) Chess.com INT 2022
}) 9. Bxe3 $14 {[%emt 0:02:30] Strongly threatening Bc4.} h6 10. Ne4 Nf6 11. Bd3 O-O 12. dxe5 Nxe4 13. Bxe4 {
[%emt 0:00:02] A strong pair of Bishops.} (13. fxe4 Nd7 $11) 13... Qa5 14. Qd4 {[%emt 0:01:40] White is more active.} Na6 {[%emt 0:00:
00] And now ...Rd8 would win.} 15. Bd3 Rd8 {[%emt 0:02:00] [#]
} (15... Re8 $142) 16. Qe4 $1 $16 Qxc3+ 17.
Kf2 g6 {[%emt 0:03:19] [#]} 18. Qh4 $1 $36 {[%emt 0:01:32]
Black is under strong pressure.} (18. Bxh6 $6 Nc5 19. Qh4 Rxd3 20. cxd3 Nxd3+
21. Kg3 Qxe5+ 22. Bf4 Qd4 $11) 18... Re8 (18... Rd5 $16) 19.
Rae1 $18 ({Weaker is} 19. Qxh6 Rxe5 20. Rad1 Nc5 $16) 19...
Nc5 20. Bxh6 {[%emt 0:04:14][%cal Yd3g6] Black must now
prevent Bxg6!} Rxe5 $2 (20... Nxd3+ $2 21. cxd3 Qb2+ 22. Kg3
Rxe5 23. Bc1 $18) (20... Ne6 21. Qf6 Qc5+ 22. Be3 Qa5) 21. Rxe5 {[%emt 0:00:44]
Re8+ would kill now.} (21. Qd8+ Kh7 22. Rxe5 (22. Qf8 Nxd3+ 23. cxd3 Qc5+ 24.
d4 Qxf8 $11) 22... Nxd3+ 23. cxd3 (23. Qxd3 Qxe5 24. Re1 Qf6 $14) 23... Qxe5
$16) 21... Qxe5 22. Re1 {[%emt 0:00:21] White mates.} ({Not} 
22. Qd8+ Kh7 23. Be3 Nxd3+ 24. cxd3 Qh8 $16) 22... Nxd3+ 23.
cxd3 Qb2+ 24. Re2 Qb6+ 25. d4 {[%emt 0:00:27] Black did not feel at
home in the position after the opening. Weighted Error Value: White=0.01 
(flawless) /Black=0.45} 1-0

[Event "44th Chess Olympiad Open 2022"]
[Site "Chennai"]
[Date "2022.08.01"]
[Round "4.35"]
[White "Baltag, Iulian"]
[Black "Galvez Dastin, Eduardo"]
[Result "1-0"]
[WhiteElo "2405"]
[BlackElo "2152"]
[Annotator "TA"]
[PlyCount "71"]
[EventDate "2022.??.??"]
[TimeControl "60"]

1. c4 c6 2. d4 d5 3. e3 Nf6 4. Nc3 a6 5. Nf3 b5 6. b3 {[%emt 0:00:
00][%cal Yb2b3,Yb3c4,Yc4c5] [#]} bxc4 $146 {[%emt 0:00:34] D15: Slav Defence:
4 Nc3 a6 and gambit lines after 4 Nc3 dxc4.} ({Predecessor:} 6... Bf5 7. Be2 e6
8. O-O Nbd7 9. Bb2 Bd6 10. a4 b4 11. Na2 a5 12. Nc1 Ne4 13. Bd3 Qf6 14. Ne2 h5
15. cxd5 cxd5 {1-0 (75) Keymer,V (2654)-Shimanov,A (2581) Chess.com INT 2022})
7. bxc4 Bg4 8. Qa4 Bxf3 {
[%emt 0:09:10] White is better.} 9. gxf3 e6 10. f4 Be7 11. c5 O-O 12. Bg2 Qc7 13. O-O Nbd7 14. Rb1 Rfb8 15. Bd2 Rxb1 16. Rxb1 Nb8 (16... Bd8 $14) 17.
a3 ({White should play} 17. Qb4 $16) 17... Ra7 18. Qb3 Nbd7 19. Bf1 h6 20. h3 g5 21. fxg5 hxg5 22. Bd3 Kg7 23. Kg2 e5 24. Bf5 {[%emt 0:00:00] White is much more
active.} Nh5 25. Ne2 e4 {[%emt 0:09:52] [#]}
26. Ng3 ({Better is} 26. Bg4 $1 Nhf6 27. Ng3)
26... Nhf6 (26... Nxg3 $142 27. fxg3 Bd8) 27. a4 (27. f3 $142) 27... Qd8 (27... Bd8 $16 {is a better
defense.}) 28. a5 Ng8 (28... Qe8 $142 29. Qa4
Rc7) 29. Qa4 $18 Nb8 30. Rb6 Nh6 31. Qb3 Ra8 32. Rb7 Kf8 $2 (32... Kf6) 33. Qb6 {[%emt 0:00:00] [#]
Rc7 is the strong threat.} Qe8 34. Qc7 Qd8 35. Qb6 (35. Qxd8+ $18 Bxd8 36. Bc8) 35... Bf6
$2 (35... Qe8 $11 36. Bb4 Ng8) 36. Rc7 {[%emt 0:00:00]
Weighted Error Value: White=0.28 (precise) /Black=0.28 (precise)} 1-0

[Event "44th Chess Olympiad Open 2022"]
[Site "Chennai"]
[Date "2022.08.01"]
[Round "4.35"]
[White "Cu Hor, Winston Darwin"]
[Black "Schitco, Ivan"]
[Result "1/2-1/2"]
[WhiteElo "2328"]
[BlackElo "2490"]
[Annotator "TA"]
[PlyCount "136"]
[EventDate "2022.??.??"]
[TimeControl "60"]

1. Nf3 Nf6 2.
c4 g6 3. g3 Bg7 4. Bg2 O-O 5. O-O d6 6. Nc3 e5 7. d3 Nc6 8. Rb1 a5 9. a3 Bf5 10. Ng5 {[%emt 0:03:02] A26: English
Opening vs King's Indian with ...Nc6 and d3.} h6 11. Nge4 {
[%emt 0:00:05] [#]} Nxe4 $146 ({Predecessor:} 11... Qd7 12.
Nxf6+ Bxf6 13. Bxh6 Bg7 14. Nd5 Bh3 15. f4 Nd4 16. fxe5 Bxg2 17. Kxg2 Rae8 {
1-0 (29) Cocchi,A (2281)-Forno,R (2079) Arvier 2002}) 12. Nxe4 Qc8 13. b4 axb4 14. axb4 Bh3 15. b5 Bxg2 16. Kxg2 Ne7 17. Qb3 Qe6 18. Ba3 Kh7 19. Nc3 c6 20. Ne4 c5 21. Nc3 f5 22. Nd5 (22.
Bb2 $11) 22... Nxd5 $15 23. cxd5 Qd7 24. Bb2 Rae8 25. Qc4 e4 26. Bxg7 Qxg7 27. Ra1 Rf7 28.
Ra4 Qb2 (28... Rfe7 $5 ) 29. e3 exd3 30. Qxd3 Rfe7 31. Rb1 Qg7 (31... Rxe3 $2 32. Qxe3 (
32. Rxb2 $2 Rxd3 33. Rba2 Kg7 $19) 32... Rxe3 33. Rxb2 $18) 32. Rc1 Qf7 33. h4 Re4 34.
Rac4 (34. Rca1 $11) 34... R8e5 35. Rd1 Kg7 36. b6 (36. Ra1 $11 {
keeps the balance.}) 36... g5 (36... Qe8 $17) 37. hxg5 $11 hxg5 38. Qc3 (38. Rxe4 $11
Rxe4 39. Ra1) 38... Kg6 $15 39. Qc2 Kg7 40. Qc3 Qh5 41. Rd2 {[%emt 0:
00:00] [#]} (41. Rh1 Qg4 42. Rxe4 Qxe4+ 43. Kg1 f4 44. gxf4 gxf4 $19) (41. Rxe4
$11 fxe4 42. Rh1 Qf3+ 43. Kg1) 41... g4 $2 ({Better is} 41...
f4 $1 $19 {( -> ...f3+)} 42. gxf4 {[#]} (42. Rxe4 {leads to mate.} f3+ 43. Kg1
Qh3) 42... gxf4 $1 43. Rxe4 Qg6+ 44. Kh3 Qh7+ 45. Kg4 Qf5+ 46. Kf3 Qxe4+ 47.
Ke2 fxe3 48. fxe3 Kf7) 42. Rxe4 $11 {[%emt 0:03:19] The position is equal.} ({
Reject} 42. Kg1 Kg6 43. Qb3 Qh8 44. Rxe4 Rxe4 $17) 42... Qh3+ 43. Kg1 fxe4 {[%emt 0:00:03] Endgame KQR-KQR} 44. Qa1 Kf7 45. Qa4 $1 Ke7 {[%emt 0:
01:11] Prevents Qd7+.} 46. Ra2 Qh8 (46... Rh5
$2 47. Qxe4+ Kf7 48. Qe6+ (48. Ra7 Qh2+ 49. Kf1 Qh1+ 50. Qxh1 Rxh1+ 51. Ke2 Kf6
$16) 48... Kg7 49. Qe7+ Kh6 50. Qxd6+ Kh7 51. Qe7+ Kg6 52. Qe4+ Kf6 53. Rc2 $18
) 47. Qc4 Qg8 48. Ra7 Qxd5 49. Qa6 Ke6 50. Qxb7 Qxb7 51. Rxb7 {[%emt 0:00:02][%cal Yb7e7]
aiming for Re7+! KR-KR} Rd5 52. Kf1 Rd1+ 53. Ke2 Rb1 54. Kd2 Rb2+ 55. Kc3 Rxf2 56. Rg7 Rf1 57. Kc4 Rb1 58. Rg6+ $1 Kd7 {[%emt 0:00:00] Threatens to
win with ...Kc6.} 59. Kd5 Rd1+ 60. Kxe4 Kc6 {[%emt 0:00:15] White must now prevent .. .c4.} 61. Rxg4 Kxb6 62. Rg8 Kb5 63. g4 d5+ 64. Ke5 Kc4 65. Rc8 Rg1 66. Kd6 Rxg4 {[%emt 0:00:08] And now ...Rg6+ would win.} 67. Rxc5+ Kd3 68. Rxd5+ Kxe3 {[%emt 0:
00:03] Weighted Error Value: White=0.20 (precise) /Black=0.14 (very precise)}
1/2-1/2